AoeStats
← is it pink?

Fortress

510612265Analyzed
1v1 RM · 23h ago on Oct 1, 2026· 41m 29s· 2 players
Game mode
Random Map
Map size
Small (3 player)
Population
200
Speed
Normal
Resources
Standard
Victory
Conquest
Starting age
Dark Age
Ending age
Imperial Age
RankedLock teamsTeams togetherTeam positionsShared explorationLock speedFull tech treeHidden civsTurbo modeCheats
Victory
Defeat
🇩🇪 Varangians · Germany
1798
+14
🇳🇱 Bulgarians · Netherlands
1755
-14
is it pink?
7:10 Feudal Age
8:24 Double-Bit Axe
8:33 Horse Collar
11:10 Castle Age
17:47 Wheelbarrow
18:05 Bow Saw
18:50 Heavy Plow
20:36 Hand Cart
20:51 Town Watch
21:38 Gold Mining
24:08 Stone Mining
27:56 Imperial Age
27:24 Gold Shaft Mining
27:53 Scale Barding Armor
27:59 Forging
28:01 Squires
27:46 Arson
28:41 Chain Barding Armor
28:13 Elite Konnik
28:17 Capped Ram
28:57 Stirrups
29:21 Bloodlines
29:11 Husbandry
29:57 Plate Barding Armor
29:59 Iron Casting
29:28 Siege Ram
32:10 Blast Furnace
34:48 Light Cavalry
35:51 Fletching
35:41 Hussar
40:49 Siege Engineers
SaintedByArmor
6:41 Feudal Age
10:28 Castle Age
8:47 Double-Bit Axe
9:22 Horse Collar
11:23 Bow Saw
16:11 Loom
17:20 Heavy Plow
18:15 Gold Mining
19:12 Wheelbarrow
20:51 Town Watch
21:51 Stone Mining
25:03 Imperial Age
23:09 Forging
23:06 Scale Barding Armor
23:56 Husbandry
24:06 Bloodlines
25:43 Iron Casting
25:30 Chain Barding Armor
26:29 Conscription
25:49 Elite Jarl
27:46 Blast Furnace
28:22 Plate Barding Armor
29:23 Hand Cart
32:00 Fletching
34:14 Murder Holes
34:29 Masonry
34:25 Siege Engineers
35:22 Chemistry
36:52 Elite Varangian Guard
37:18 Arson
37:33 Squires
37:34 Scale Mail Armor
37:44 Gothikon
38:50 Bodkin Arrow
39:11 Chain Mail Armor
40:35 Ballistics
41:13 Bracer
41:44 Plate Mail Armor
41:48 Architecture
Connection lost

Rejoining the realm…

Still unreachable

The connection could not be restored.

Session expired

The server has moved on; the page needs a fresh start.